 Dungeon Crawl Stone Soup version 0.29-a0-338-g1ff7896281 (webtiles) character file.

Game seed: 6342569462550496743

49 spaghetti the Sneak (level 3, 0/34 HPs)
             Began as a Naga Fighter on Apr 18, 2022.
             Was a Follower of Wu Jian.
             Slain by a kobold
             ... wielding a +0 short sword
              (2 damage)
             ... on level 2 of the Dungeon.
             The game lasted 00:02:36 (2054 turns).

spaghetti the Sneak (Naga Fighter)                  Turns: 2054, Time: 00:02:37

Health: 0/34       AC:  4    Str: 18    XL:     3   Next: 77%
Magic:  3/3        EV:  7    Int:  8    God:    Wu Jian [*.....]
Gold:   110        SH:  4    Dex: 12    Spells: 2/2 levels left

rFire   . . .      SeeInvis +   m - +0 rapier (venom) {short}
rCold   . . .      Faith    .   c - +0 buckler
rNeg    . . .      Spirit   .   b - +0 scale mail
rPois   +          Reflect  .   (no helmet)
rElec   .          Harm     .   (no cloak)
rCorr   .          Rampage  .   (no gloves)
Will    .....                   (no barding)
Stlth   +.........              (no amulet)
HPRegen 0.11/turn               (no ring)
MPRegen 0.08/turn               (no ring)

@: mighty, very slow
A: AC +1, large, see invisible, deformed body, poison resistance, slowness 2,
spit poison 1, naga tail 1
a: Spit Poison, Renounce Religion


You were on level 2 of the Dungeon.
You worshipped Wu Jian.
Wu Jian was aware of your devotion.
You visited 1 branch of the dungeon, and saw 2 of its levels.

You collected 110 gold pieces.


Innate Abilities, Weirdness & Mutations

Your serpentine skin is tough. (AC +1)
You have supernaturally acute eyesight. (SInv)
Armour fits poorly on your strangely shaped body.
Your system is resistant to poisons. (rPois)
You cover ground very slowly.
You can spit poison.
You have a snake-like lower body.


   Skills:
 - Level 3.0 Fighting
 - Level 2.0 Short Blades
 * Level 2.6 Armour
 * Level 0.6 Dodging
 + Level 4.5 Stealth
 - Level 2.4 Shields


You had 2 spell levels left.
You didn't know any spells.
Your spell library was empty.

Inventory:

Hand Weapons
 m - a +0 rapier of venom (weapon) {short}
   (You found it on level 2 of the Dungeon)
Missiles
 a - 4 datura-tipped darts {throwing}
 e - 59 stones {throwing}
Armour
 b - a +0 scale mail (worn)
 c - a +0 buckler (worn)
Scrolls
 f - a scroll of torment {unknown}
 h - 3 scrolls of blinking {unknown}
 i - 6 scrolls of identify {unknown}
 j - a scroll of silence {unknown}
 k - a scroll of immolation {unknown}
 l - a scroll of acquirement {unknown}

Dungeon Overview and Level Annotations

Branches:
Dungeon (2/15)

Altars:
Kikubaaqudgha
Wu Jian

Shops:
D:1

? ##.##..#.##....
.#....[..##.#.#
.........##.#.# #
.####).#.##.#.# .# .
#####..#.##.#.# ##.##..
.......#.##.#.# .......
###........)..###.......
#.'''').#....)†....#
#.'''''.######@K.#...
#.''_''.# #)†b#....#
#.'''''.# #.#...#...
#.'''''....... ..#..#.
#......####### .#. .#
######.# .##. # #.# #.
## .# . .#


You could see a bat and a kobold.


Message History

You hit the hobgoblin.
You kill the hobgoblin!
The Council accepts your kill. 😕 HP[+1]
A kobold comes into view. It is wielding a +0 dagger.
A kobold is nearby!
A kobold is nearby!
A kobold is nearby!
You are too injured to fight recklessly!
A hobgoblin comes into view.
The kobold shouts!
You hear a shout!
You lunge at the kobold.
You barely miss the kobold. The kobold closely misses you.
You block the kobold's attack.
You hit the kobold.
You kill the kobold!
The Council accepts your kill.
A dart slug comes into view.
Aiming: Spit Poison (2% risk of failure)
Press: ? - help, Shift-Dir - straight line, f - hobgoblin
Aim: a hobgoblin (59% to hit)
The splash of poison hits the hobgoblin!
The hobgoblin is poisoned.
You kill the hobgoblin!
The Council accepts your kill. The dart slug launches a dart at you.
The slug dart hits you. 😮 HP[-4]
You take 4 damage, and now have 25/34 hp.
A worm comes into view.
Things that are here:
a +0 dagger {short}; a kobold corpse A kobold and a hobgoblin come into view.
The kobold shouts!
The hobgoblin shouts!
A goblin comes into view. It is wielding a +0 club.
The worm bites you. 😮 HP[-4]
You take 4 damage, and now have 21/34 hp.
You hit the worm but do no damage.
The worm bites you but does no damage. 😮 HP[+1]
You hit the worm.
The worm is poisoned.
The worm barely misses you.
You hit the worm.
The worm looks as sick as possible!
You have got your breath back.
You block the goblin's attack. The dart slug launches a dart at you.
The slug dart misses you.
You hit the worm.
The worm looks as sick as possible!
You block the goblin's attack. The worm bites you. 😮 HP[-4]
You take 4 damage, and now have 18/34 hp.
Unknown command.
You hit the worm.
The worm looks as sick as possible!
You kill the worm!
The Council accepts your kill. The goblin hits you with a +0 club.
* * * LOW HITPOINT WARNING * * *
The hobgoblin barely misses you. You block the kobold's attack.
The dart slug launches a dart at you. The slug dart hits you.
* * * LOW HITPOINT WARNING * * *
😨 HP[-6]
You take 6 damage, and now have 12/34 hp.
Unknown command.
Okay, then.
You hit the hobgoblin.
You kill the hobgoblin!
The Council accepts your kill.
A bat comes into view.
The goblin hits you with a +0 club.
* * * LOW HITPOINT WARNING * * *
The kobold hits you with a +0 short sword.
* * * LOW HITPOINT WARNING * * *
You block the kobold's attack. The goblin hits you with a +0 club.
* * * LOW HITPOINT WARNING * * *
😱 HP[-5]
You take 5 damage, and now have 7/34 hp.
Unknown command.
You feel very mighty all of a sudden. The goblin hits you with a +0 club.
* * * LOW HITPOINT WARNING * * *
You block the kobold's attack. 😱 HP[-4]
You take 4 damage, and now have 3/34 hp.
You hit the dart slug.
The dart slug is poisoned.
You kill the dart slug!
The Council accepts your kill. The goblin barely misses you.
The kobold hits you with a +0 short sword.
* * * LOW HITPOINT WARNING * * *
😱 HP[-1]
You take 1 damage, and now have 2/34 hp.
You barely miss the kobold. The bat barely misses you.
You block the goblin's attack. You block the kobold's attack. 😱 HP[+1]
You puncture the goblin!
You kill the goblin!
The Council accepts your kill. The bat hits you.
* * * LOW HITPOINT WARNING * * *
The kobold hits you with a +0 short sword.
You die...

Skill      XL: |  1  2 |
---------------+-------+-----
Stealth        | 2 4 |  4.5
Fighting       | |  3.0
Short Blades   | |  2.0
Armour         | |  2.6
Dodging        | |  0.6
Shields        | |  2.4

Action                   || total
-------------------------++-------
Melee: Rapier            ||   108
Invok: Lunge             ||     3
 Abil: Spit Poison       ||     6
  Use: Potion            ||     1
Armor: Scale mail        ||    42
Dodge: Dodged            ||    41
Block: Buckler           ||    29

Levels and vault maps discovered:
D:1:      zaba_arrival_water, layout_loops_corners, serial_bayou,
          serial_bayou_pond_e, serial_bayou_pond_a, serial_bayou_ford_a,
          serial_bayou_crossing, serial_shops, nicolae_shop_crystal
D:2:      layout_loops_ring, basic_altar,
          hellmonk_ecumenical_altar_heavens_door,
          chequers_serial_rivers_small_a, minmay_increasing_density

Notes
Turn   | Place    | Note
-------+----------+-------------------------------------------
     0 | D:1      | spaghetti the Naga Fighter began the quest for the Orb.
     0 | D:1      | Reached XP level 1. HP: 21/21 MP: 1/1
     0 | D:1      | magus.rc [v1.9.6]
    36 | D:1      | Found Fuseth's Magic Scroll Shoppe.
   121 | D:1      | Reached skill level 1 in Stealth
   300 | D:1      | Reached skill level 2 in Stealth
   326 | D:1      | Reached XP level 2. HP: 14/28 MP: 2/2
   577 | D:1      | Reached skill level 3 in Stealth
  1544 | D:2      | Reached skill level 4 in Stealth
  1599 | D:2      | Reached XP level 3. HP: 30/34 MP: 3/3
  1695 | D:2      | Found an ancient bone altar of Kikubaaqudgha.
  2014 | D:2      | Found a faded altar of an unknown god.
  2024 | D:2      | Prayed at the altar of an unknown god.
  2024 | D:2      | Became a worshipper of the Wu Jian Council
  2024 | D:2      | Reached * piety under Wu Jian
  2050 | D:2      | HP: 7/34 [goblin/+0 club (3)]
  2051 | D:2      | HP: 3/34 [goblin/+0 club (4)]
  2054 | D:2      | Slain by a kobold

Vanquished Creatures
  2 worms (D:2)
  A dart slug (D:2)
  2 ball pythons
  3 bats
  6 endoplasms
  4 goblins
  6 hobgoblins
  3 quokkas
  3 frilled lizards
  5 kobolds
  4 rats
39 creatures vanquished.

Vanquished Creatures (others)
  A plant (D:1)
1 creature vanquished.

Grand Total: 40 creatures vanquished

Table legend:
 A = Non-vault XP
 B = Vault XP
 C = Vault XP percentage of total XP
 D = Non-vault monster count
 E = Vault monster count
 F = Vault count percentage of total count
                 A         B        C        D         E       F
            +---------+---------+-------+---------+---------+-------
      Total |      61 |      12 |  16.4 |      34 |       5 |  12.8
            +---------+---------+-------+---------+---------+-------
        D:1 |      28 |       0 |   0.0 |      17 |       0 |   0.0
        D:2 |      33 |      12 |  26.7 |      17 |       5 |  22.7
            +---------+---------+-------+---------+---------+-------

Illustrated notes

Table legend:
 A = Kills in this place as a percentage of kills in entire the game.
 B = Kills by you in this place as a percentage of kills by you in the entire game.
 C = Kills by friends in this place as a percentage of kills by friends in the entire game.
 D = Other kills in this place as a percentage of other kills in the entire game.
 E = Experience gained in this place as a percentage of experience gained in the entire game.
 F = Experience gained in this place divided by the number of levels of this place that you have seen.
                   A       B       C       D       E      F
               +-------+-------+-------+-------+-------+----------------------
         Total | 100.0 | 100.0 |   N/A |   N/A | 100.0 |  36.5
       Dungeon | 100.0 | 100.0 |   N/A |   N/A | 100.0 |  36.5
               +-------+-------+-------+-------+-------+----------------------

Table legend: (Time is in decaauts)
 A = Elapsed time spent in this place.
 B = Non-inter-level travel time spent in this place.
 C = Inter-level travel time spent in this place.
 D = Time resting spent in this place.
 E = Time spent auto-exploring this place.
 F = Levels seen in this place.
 G = Mean time per level.
                   A        B        C        D        E       F      G
               +--------+--------+--------+--------+--------+-----+--------+
         Total |   2594 |   2564 |     30 |    297 |   1960 |   2 | 1297.0 |
       Dungeon |   2594 |   2564 |     30 |    297 |   1960 |   2 | 1297.0 |
               +--------+--------+--------+--------+--------+-----+--------+

Top non-repeatable levels by time:
     D:1: 1812 daAuts
     D:2: 782 daAuts
